 Dungeon Crawl Stone Soup version 0.29-a0-334-gb41bcbb86e (webtiles) character file.

Game seed: 2492019451877177662

60 HendSelp the Poker (level 4, -1/34 HPs)
             Began as a Merfolk Gladiator on Apr 13, 2022.
             Slain by a ball python (2 damage)
             ... on level 4 of the Dungeon.
             The game lasted 00:01:44 (1652 turns).

HendSelp the Poker (Merfolk Gladiator)              Turns: 1652, Time: 00:01:44

Health: -1/34      AC:  4    Str: 16    XL:     4   Next: 4%
Magic:  0/4        EV: 10    Int:  7    God:
Gold:   120        SH:  0    Dex: 15    Spells: 3/3 levels left

rFire   . . .      SeeInvis .   a - +0 trident
rCold   . . .      Faith    .   (no shield)
rNeg    . . .      Spirit   +   b - +0 leather armour
rPois   .          Reflect  .   c - +0 helmet
rElec   .          Harm     .   (no cloak)
rCorr   .          Rampage  .   (no gloves)
Will    .....                   (no boots)
Stlth   +.........              h - amulet of guardian spirit
HPRegen 0.11/turn               (no ring)
MPRegen 0.09/turn               (no ring)

@: constricted
A: (nimble swimmer 2), mertail
a: no special abilities


You were on level 4 of the Dungeon.
You visited 1 branch of the dungeon, and saw 4 of its levels.

You collected 120 gold pieces.

Inventory:

Hand Weapons
 a - a +0 trident (weapon)
Missiles
 d - a throwing net (quivered)
 e - a javelin
Armour
 b - a +0 leather armour (worn)
 c - a +0 helmet (worn)
Jewellery
 h - an amulet of guardian spirit (around neck)
Potions
 f - a potion of magic {unknown}
 g - a potion of curing {unknown}
 i - 2 potions of flight {unknown}
 k - a potion of lignification {unknown}
 l - a potion of ambrosia {unknown}


   Skills:
 * Level 2.6 Fighting
 * Level 5.4 Polearms
 - Level 2.0 Throwing
 * Level 4.9 Dodging


You had 3 spell levels left.
You didn't know any spells.
Your spell library was empty.

Dungeon Overview and Level Annotations

Branches:
Dungeon (3/15)

Altars:
Trog


Innate Abilities, Weirdness & Mutations

((You are very nimble when in or above water. (Stealth+, EV+, Speed+++)))
Your lower body shifts to a powerful aquatic tail in water.


Message History

The jackal bites you but does no damage.
The hobgoblin barely misses you.
The jackal bites you but does no damage.
Unknown command.
Unknown command.
Unknown command.
Throw: 2 throwing nets
Press: ? - help, Q - select action, (/) - cycle Shift-Dir - straight line, f/p - scorpion
Aim: a scorpion (almost dead, 60% to hit)
You throw a throwing net. The throwing net hits the scorpion.
The scorpion is caught in the net!
The scorpion is almost dead.
The ball python barely misses you. The ball python constricts you.
The scorpion struggles against the net.
The jackal closely misses you. The jackal barely misses you.
The hobgoblin barely misses you. The ball python barely misses you.
The ball python constricts you.
You hit the scorpion but do no damage.
The scorpion is almost dead.
You feel sick.
The jackal bites you but does no damage.
The scorpion struggles against the net.
The jackal closely misses you.
The hobgoblin hits you but does no damage.
The ball python bites you.
* * * LOW HITPOINT WARNING * * *
The ball python constricts you. The jackal misses you.
The scorpion struggles against the net.
You hit the scorpion but do no damage.
The scorpion is almost dead.
You feel sick.
You are no longer poisoned.
The jackal barely misses you. The jackal closely misses you.
The ball python bites you.
* * * LOW HITPOINT WARNING * * *
The ball python constricts you.
The scorpion struggles against the net.
The jackal misses you. The hobgoblin barely misses you.
You hit the scorpion.
The scorpion is almost dead.
The jackal bites you but does no damage. x2
The ball python bites you.
You die...

#.........#
#...<..#..##
##....##...#
########..########
#...#.....##
#..........#
##........(..
.##............
......h@s......
.......Shg......
........g.......
................
................
...............
...............
...............


You could see a scorpion (caught), 2 jackals, 2 hobgoblins and a ball python.

Vanquished Creatures
  An adder (D:2)
  5 ball pythons
  5 bats
  5 endoplasms
  A giant cockroach (D:1)
  4 goblins
  4 hobgoblins (D:1)
  A jackal (D:4)
  7 kobolds
  3 quokkas
  A frilled lizard (D:1)
  8 rats
45 creatures vanquished.

Notes
Turn   | Place    | Note
-------+----------+-------------------------------------------
     0 | D:1      | HendSelp the Merfolk Gladiator began the quest for the Orb.
     0 | D:1      | Reached XP level 1. HP: 16/16 MP: 1/1
     6 | D:1      | Noticed a swamp drake
     6 | D:1      | Noticed a wolf
     7 | D:1      | Noticed a swamp worm
     7 | D:1      | Noticed an anaconda
   104 | D:1      | Reached XP level 2. HP: 18/22 MP: 2/2
   425 | D:1      | Reached XP level 3. HP: 28/28 MP: 3/3
   936 | D:2      | Found a bloodstained altar of Trog.
   963 | D:2      | Reached skill level 5 in Polearms
  1044 | D:2      | Found a faded altar of an unknown god.
  1428 | D:2      | Reached XP level 4. HP: 34/34 MP: 4/4
  1621 | D:3      | You fall into a shaft and drop 1 floor!
  1632 | D:4      | Noticed a scorpion
  1651 | D:4      | HP: 1/34 [ball python (2)]
  1652 | D:4      | Slain by a ball python

Illustrated notes

Levels and vault maps discovered:
D:1:      onia_arrival_zoo_common, layout_basic, st_stairs_2, minmay_tromino_i4
D:2:      layout_basic, basic_altar, shapermc_ecumenical_altar_venn
D:3:      layout_basic, mainiacjoe_overflow_24_doors, uniq_jessica
D:4:      layout_cave_pods, nrook_campfire

Skill      XL: |  1  2  3 |
---------------+----------+-----
Polearms       | 5 |  5.4
Fighting       | |  2.6
Throwing       | |  2.0
Dodging        | |  4.9

Action                   |  1- 3 |  4- 6 || total
-------------------------+-------+-------++-------
Melee: Trident           |   108 |    15 ||   123
       Punch             |     1 |       ||     1
Throw: Throwing net      |       |     2 ||     2
  Use: Scroll            |       |     1 ||     1
 Stab: Held in net/web   |       |     1 ||     1
Armor: Leather armour    |    19 |    12 ||    31
Dodge: Dodged            |    59 |    22 ||    81

Table legend: (Time is in decaauts)
 A = Elapsed time spent in this place.
 B = Non-inter-level travel time spent in this place.
 C = Inter-level travel time spent in this place.
 D = Time resting spent in this place.
 E = Time spent auto-exploring this place.
 F = Levels seen in this place.
 G = Mean time per level.
                   A        B        C        D        E       F      G
               +--------+--------+--------+--------+--------+-----+--------+
         Total |   1659 |   1640 |     19 |     49 |   1300 |   4 |  414.8 |
       Dungeon |   1659 |   1640 |     19 |     49 |   1300 |   4 |  414.8 |
               +--------+--------+--------+--------+--------+-----+--------+

Top non-repeatable levels by time:
     D:1: 894 daAuts
     D:2: 733 daAuts
     D:4: 30 daAuts
